[Event "Team 45 45 League T63"]
[Site "Internet Chess Club"]
[Date "2014.12.20"]
[Round "4"]
[White "Greedy-Reedy"]
[Black "LittleButton"]
[Result "1/2-1/2"]
[WhiteElo "1883"]
[BlackElo "1892"]
[Opening "French: Rubinstein variation"]
[ECO "C10"]
[Time "12:06:20"]
[TimeControl "2700+45"]

1. e4 e6 2. d4 d5 3. Nc3 dxe4 4. Nxe4 Nd7 5. Nf3 Ngf6 6. Bd3 Nxe4 7. Bxe4 Nf6 8.
Bg5 c5 9. O-O cxd4 10. Nxd4 Bc5 11. c3 h6 12. Bxf6 Qxf6 13. Nb3 Bb6 14. a4 O-O
15. Qf3 Qe5 16. Rfe1 Qg5 17. a5 Bc7 18. a6 Rb8 19. axb7 Bxb7 20. Bxb7 Qb5 21.
Rxa7 Qxb3 22. Be4 Bb6 23. Rd7 Qxb2 24. Red1 Rbd8 25. g3 Qb5 26. Rxd8 Rxd8 27.
Rxd8+ Bxd8 28. Bd3 Qd5 29. Be4 Qc5 30. Bc2 Qd5 31. Qe2 g6 32. h4 Bb6 33. Qd3
Qxd3 34. Bxd3 Kf8 35. Bb5 Ke7 36. Kf1 f5 37. f3 g5 38. hxg5 hxg5 39. g4 fxg4 40.
fxg4 e5 41. Ke2 e4 42. Bc6 e3 43. Kf3 Kf6 44. Bb5 Ke5 45. Be2 Bc5 46. Bd3 Kd5
47. Ke2 Ke5 48. Kf3 Kd5 {Game drawn by mutual agreement} 1/2-1/2

[Event "Team 45 45 League T63"]
[Site "Internet Chess Club"]
[Date "2014.12.19"]
[Round "4"]
[White "fishhead"]
[Black "PuzzleMaster"]
[Result "0-1"]
[WhiteElo "1776"]
[BlackElo "1895"]
[Opening "Ruy Lopez: Wormald (Alapin) attack"]
[ECO "C77"]
[Time "12:04:45"]
[TimeControl "2700+45"]

1. e4 e5 2. Nf3 Nc6 3. Bb5 a6 4. Ba4 Nf6 5. Qe2 b5 6. Bb3 Be7 7. c3 d5 8. exd5
Nxd5 9. Nxe5 Nxe5 10. Qxe5 Nf6 11. O-O O-O 12. d4 Bd6 13. Qg5 Re8 14. h3 Bb7 15.
Be3 Qd7 16. Nd2 h6 17. Qh4 Qc6 18. Nf3 Re4 19. g4 Rxg4+ 20. hxg4 Qxf3 21. d5
Nxd5 22. Bd1 Qe4 23. Qh3 Nxe3 24. fxe3 Bc5 25. Bf3 Qxe3+ 26. Kh1 Rd8 27. Rae1
Bxf3+ 28. Qxf3 Qxf3+ 29. Rxf3 f6 30. Re2 Kf7 31. Kg2 Kg6 32. Rf5 Bb6 33. Kf3
Rd3+ 34. Ke4 Rg3 35. Kf4 Rg1 36. Rd5 Rf1+ 37. Kg3 Rg1+ 38. Kf3 Rf1+ 39. Kg2 Rg1+
40. Kf3 Rf1+ 41. Kg3 Rg1+ 42. Rg2 Re1 43. Kf4 Rf1+ 44. Ke4 Re1+ 45. Kf4 Rf1+ 46.
Kg3 Re1 47. Kf3 Rf1+ 48. Ke2 Rf4 49. Rd7 Re4+ 50. Kd3 Re5 51. Re2 Rg5 52. Re4 h5
53. gxh5+ Kxh5 54. Ree7 g6 55. Re2 Rg4 56. Rd5+ f5 57. Rh2+ Kg5 58. Rd7 Kf4 59.
Ke2 g5 60. Rf7 Rg3 61. Rh6 Re3+ 62. Kd2 g4 63. Rhf6 Re5 64. Rg6 Kg3 65. Rfg7 Kf3
66. Rg5 Be3+ {White resigns} 0-1

[Event "Team 45 45 League T63"]
[Site "Internet Chess Club"]
[Date "2014.12.21"]
[Round "4"]
[White "smyslovVchess"]
[Black "justice02"]
[Result "0-1"]
[WhiteElo "1548"]
[BlackElo "1741"]
[Opening "Caro-Kann: advance variation"]
[ECO "B12"]
[Time "18:17:31"]
[TimeControl "2700+45"]

1. e4 c6 2. d4 d5 3. e5 Bf5 4. Bd3 Bg6 5. Nf3 e6 6. O-O Nd7 7. c3 Qc7 8. a3
O-O-O 9. b4 Kb8 10. Qe2 Nb6 11. a4 Bxd3 12. Qxd3 Nc4 13. Nbd2 Nxd2 14. Bxd2 h6
15. Be3 Ne7 16. Nd2 Nf5 17. Nb3 Nxe3 18. fxe3 Rd7 19. Ra2 f6 20. exf6 Bd6 21. f7
Bxh2+ 22. Kh1 Bd6 23. Qg6 Rf8 24. Qxe6 Re7 25. Qh3 Rfxf7 26. Raf2 Rxf2 27. Rxf2
Rf7 28. Rf3 Qe7 29. Nd2 Rxf3 30. Qxf3 Qh4+ 31. Kg1 Bh2+ 32. Kf1 Bg3 33. Qf8+ Kc7
34. Qxg7+ Kb6 35. Nf3 Qh1+ 36. Ng1 Bh2 37. a5+ Ka6 38. b5+ cxb5 39. Qf6+ Kxa5
40. Qf2 Bxg1 {White resigns} 0-1

[Event "Team 45 45 League T63"]
[Site "Internet Chess Club"]
[Date "2014.12.18"]
[Round "4"]
[White "CaptK"]
[Black "mongmong"]
[Result "1-0"]
[WhiteElo "1778"]
[BlackElo "1567"]
[Opening "Bogo-Indian defense"]
[ECO "E11"]
[Time "18:14:49"]
[TimeControl "2700+45"]

1. d4 e6 2. Nf3 Nf6 3. c4 Bb4+ 4. Bd2 a5 5. a3 Be7 6. Nc3 d5 7. Bf4 O-O 8. e3 b6
9. Be2 Ba6 10. cxd5 Bxe2 11. Qxe2 Nxd5 12. Bg3 Nxc3 13. bxc3 Nd7 14. O-O Rc8 15.
e4 Re8 16. Qd3 Nf8 17. a4 Ng6 18. Ne5 Nxe5 19. Bxe5 Bf6 20. Bxf6 Qxf6 21. Rfd1
Red8 22. Qb5 Qe7 23. c4 Qe8 24. d5 exd5 25. exd5 Qxb5 26. axb5 Kf8 27. Kf1 Ke7
28. Ke2 Kd6 29. Kd3 Kc5 30. Kc3 Re8 31. Re1 f6 32. f3 Kd6 33. g4 Kd7 34. Re4
Rxe4 35. fxe4 Re8 36. Kd4 Kd6 37. h4 g6 38. Rf1 Ke7 39. c5 Rd8 40. Rc1 Rd7 41.
g5 fxg5 42. hxg5 Rd8 43. cxb6 cxb6 44. e5 Rd7 45. e6 Rb7 46. Ke5 Rb8 47. Rc7+
Kf8 48. Rxh7 Kg8 49. Rf7 Ra8 50. d6 a4 51. d7 a3 52. Rf1 a2 53. e7 a1=Q+ 54.
Rxa1 {Black resigns} 1-0

[Event "Team 45 45 League T63"]
[Site "Internet Chess Club"]
[Date "2014.12.21"]
[Round "4"]
[White "DouDou"]
[Black "Intemperate"]
[Result "0-1"]
[WhiteElo "1684"]
[BlackElo "1877"]
[Opening "Sicilian: accelerated fianchetto, modern variation"]
[ECO "B34"]
[Time "15:03:52"]
[TimeControl "2700+45"]

1. e4 c5 2. Nf3 g6 3. d4 cxd4 4. Nxd4 Nc6 5. Nc3 Bg7 6. Be3 Nf6 7. f3 O-O 8. Bc4
Qb6 9. Bb3 Nxe4 10. Nd5 Qa5+ 11. c3 Bxd4 12. Bxd4 Nc5 13. Bc4 Ne6 14. b4 Qd8 15.
Bf2 Nc7 16. O-O Nxd5 17. Bxd5 e6 18. Bb3 d5 19. Qe2 Qf6 20. Rac1 b6 21. Rfd1 Bb7
22. a3 Rfd8 23. b5 Na5 24. Ba2 Rac8 25. Bd4 Qg5 26. Be3 Qe5 27. f4 Qe4 28. Bb1
Qc4 29. Bd3 Qa4 30. Ra1 Rxc3 31. Bd2 Rxa3 32. Bc2 Qd4+ 33. Qf2 Qxf2+ 34. Kxf2
Rxa1 35. Rxa1 Nc4 36. Bb4 d4 37. Bd3 Nb2 38. Bf1 d3 39. Rxa7 d2 40. Bxd2 Rxd2+
41. Ke3 Rd7 42. Be2 Kf8 43. Bf3 Nc4+ 44. Ke2 Bxf3+ {White resigns} 0-1

[Event "Team 45 45 League T63"]
[Site "Internet Chess Club"]
[Date "2014.12.21"]
[Round "4"]
[White "MrShaw"]
[Black "LiangLiang"]
[Result "1-0"]
[WhiteElo "1858"]
[BlackElo "1794"]
[Opening "Ruy Lopez: 5.O-O"]
[ECO "C78"]
[Time "12:01:11"]
[TimeControl "2700+45"]

1. e4 e5 2. Nf3 Nc6 3. Bb5 a6 4. Ba4 Nf6 5. O-O b5 6. Bb3 Bc5 7. c3 d6 8. d4 Bb6
9. Qd3 exd4 10. cxd4 Bg4 11. Nbd2 O-O 12. h3 Bh5 13. a3 Re8 14. Bc2 Bg6 15. Qc3
Qd7 16. d5 Ne5 17. Nh4 h6 18. Nxg6 Nxg6 19. a4 Nf4 20. Qf3 g5 21. Nb1 Re5 22.
Bxf4 gxf4 23. Qxf4 Rg5 24. e5 Nh5 25. Qe4 f5 26. exf6 Ng3 27. Qe6+ Qxe6 28. dxe6
Nxf1 29. Kxf1 Bd4 30. f7+ Kf8 31. Be4 d5 32. f4 Rh5 33. Bf3 Rf5 34. g3 b4 35.
Nd2 Bxb2 36. Ra2 Bc3 37. Nb3 Rd8 38. Nc5 d4 39. Nd7+ Ke7 40. f8=Q+ Rfxf8 41.
Nxf8 b3 42. Ng6+ Kf6 43. e7 Rb8 44. Re2 b2 45. Be4 b1=Q+ 46. Bxb1 Rxb1+ 47. Kg2
d3 48. Re6+ {Black resigns} 1-0

[Event "Team 45 45 League T63"]
[Site "Internet Chess Club"]
[Date "2014.12.18"]
[Round "4"]
[White "hood"]
[Black "Philly-Boy"]
[Result "1-0"]
[WhiteElo "1956"]
[BlackElo "1778"]
[Opening "Sicilian: Najdorf, Byrne (English) attack"]
[ECO "B90"]
[Time "22:05:25"]
[TimeControl "2700+45"]

1. e4 c5 2. Nf3 d6 3. d4 cxd4 4. Nxd4 Nf6 5. Nc3 a6 6. Be3 e5 7. Nb3 Be7 8. Be2
Qc7 9. f3 b5 10. O-O Bb7 11. Qd2 O-O 12. Rfd1 Rd8 13. Nd5 Bxd5 14. exd5 Nbd7 15.
Na5 Nxd5 16. Qxd5 Qxa5 17. a4 Nf6 18. Qb3 b4 19. Bg5 d5 20. Kh1 Qc5 21. Rac1 d4
22. Bxf6 Bxf6 23. Bc4 Rac8 24. Bxa6 Rc7 25. Bd3 h5 26. Ra1 Ra8 27. Be4 Raa7 28.
Qd3 g6 29. Qe2 Kg7 30. Qb5 Bg5 31. Bd3 h4 32. b3 Qd6 33. a5 Rcb7 34. Qa4 f5 35.
a6 Re7 36. Qb5 e4 37. fxe4 fxe4 38. Qxg5 exd3 39. Rxd3 Rxa6 40. Rad1 Re4 41. h3
Qe6 42. Rxd4 Rxd4 43. Rxd4 Qe1+ 44. Kh2 Ra1 45. Rd7+ Kf8 46. Qf6+ {Black
resigns} 1-0

[Event "Team 45 45 League T63"]
[Site "Internet Chess Club"]
[Date "2014.12.20"]
[Round "4"]
[White "qs16"]
[Black "joebobpop"]
[Result "0-1"]
[WhiteElo "1689"]
[BlackElo "1909"]
[Opening "King's Indian: Torre attack"]
[ECO "A48"]
[Time "12:00:38"]
[TimeControl "2700+45"]

1. d4 Nf6 2. Nf3 g6 3. Bg5 Bg7 4. Bxf6 Bxf6 5. e3 d5 6. Bd3 O-O 7. Nbd2 Nc6 8.
O-O Nb4 9. Be2 Bf5 10. c3 Nc6 11. Nb3 a6 12. Bd3 Bxd3 13. Qxd3 Re8 14. Rfe1 e5
15. dxe5 Nxe5 16. Nxe5 Rxe5 17. Nd4 Qd7 18. Nf3 Ree8 19. Rad1 Rad8 20. h3 c6 21.
b3 Qc7 22. Re2 Qa5 23. Rc2 Qa3 24. Rdc1 Qa5 25. Qe2 Qb6 26. Qd3 Re7 27. Rd1 Rde8
28. c4 Rxe3 29. Qf1 R3e6 30. cxd5 cxd5 31. Rxd5 Qb4 32. Rd1 h5 33. Qc4 Qxc4 34.
Rxc4 Re2 35. Rc7 R8e7 36. Rxe7 Rxe7 37. Rd2 Kg7 38. Rc2 Be5 39. Nxe5 Rxe5 40. g3
Kf6 41. Kg2 Rf5 42. Rc7 Rb5 43. Kf3 g5 44. Ke3 Re5+ 45. Kf3 Re7 46. Rc2 b5 47.
Kg2 Re6 48. f3 Kf5 49. Kf2 f6 50. Rd2 Re5 51. Rd6 a5 52. Ra6 b4 53. Rd6 Rc5 54.
Rd2 Ke5 55. Ke3 Rc3+ 56. Kf2 Rc5 57. Ke3 Rc3+ 58. Kf2 Rc1 59. Kg2 Rc5 60. Kf2
Rc3 61. Ke2 f5 62. Kf2 Rc5 63. Ke3 Rd5 64. Rxd5+ Kxd5 65. h4 f4+ 66. gxf4 gxh4
67. Kf2 Ke6 {White resigns} 0-1

[Event "Team 45 45 League T63"]
[Site "Internet Chess Club"]
[Date "2014.12.22"]
[Round "4"]
[White "infiniteshug"]
[Black "f5"]
[Result "1-0"]
[WhiteElo "2229"]
[BlackElo "2119"]
[Opening "Sicilian: Grand Prix attack"]
[ECO "B23"]
[Time "17:00:38"]
[TimeControl "2700+45"]

1. e4 c5 2. Nc3 Nc6 3. f4 g6 4. Nf3 Bg7 5. Bc4 d6 6. O-O e6 7. d3 Nge7 8. Qe1
Nd4 9. Nxd4 cxd4 10. Nd1 O-O 11. Nf2 d5 12. Bb3 a5 13. a4 Bd7 14. e5 Ra6 15. g4
f6 16. exf6 Bxf6 17. Bd2 Nc6 18. Qe2 Kh8 19. Rae1 Bg7 20. Nh3 Qh4 21. Ng5 Ne7
22. Qg2 e5 23. h3 Nc6 24. Bxd5 exf4 25. Nf7+ Rxf7 26. Bxf7 Ne5 27. Bd5 f3 28.
Bxf3 Nxf3+ 29. Rxf3 Bc6 30. Qf2 Qd8 31. Bg5 Qd6 32. Rf7 Ra8 33. Bf6 Rg8 34. Ree7
Qd5 35. Bxg7+ Rxg7 36. Rf8+ {Black resigns} 1-0

[Event "Team 45 45 League T63"]
[Site "Internet Chess Club"]
[Date "2014.12.19"]
[Round "4"]
[White "primerpaso"]
[Black "JulianVerse"]
[Result "0-1"]
[WhiteElo "1889"]
[BlackElo "1931"]
[Opening "English opening"]
[ECO "A17"]
[Time "19:07:43"]
[TimeControl "2700+45"]

1. c4 Nf6 2. Nc3 e6 3. g3 d5 4. cxd5 exd5 5. d4 Bd6 6. Bg2 c6 7. Nf3 O-O 8. Ne5
Re8 9. Nd3 Qb6 10. Nf4 Bf5 11. O-O Nbd7 12. e3 Bxf4 13. gxf4 Nf8 14. Ne2 Bg4 15.
f3 Bd7 16. Kh1 Ng6 17. Qe1 Ne7 18. Rg1 Nf5 19. Qf2 Kh8 20. Bh3 Nd6 21. Qg3 Nh5
22. Qh4 Bxh3 23. Qxh3 g6 24. Ng3 Ng7 25. Qg2 Ngf5 26. Nxf5 Nxf5 27. Qf2 Re6 28.
a4 Rae8 29. Ra3 a5 30. Rd1 Qb4 31. Rdd3 Qe7 32. Bd2 Kg7 33. Kg1 Nd6 34. Rac3 Nc4
35. Rb3 b6 36. Kf1 Rb8 37. Ke2 b5 38. axb5 cxb5 39. Kd1 b4 40. Qe1 Nxd2 41. Rxd2
a4 42. Rbd3 a3 43. bxa3 bxa3 44. Ke2 Rb2 45. Qc1 Reb6 46. Qc5 Qh4 47. Qxd5 Qxh2+
48. Kd1 Qg1+ 49. Ke2 Qg2+ 50. Ke1 Rb1+ 51. Rd1 Rxd1+ 52. Rxd1 Qg1+ 53. Kd2 Rb2+
54. Kc3 Qxe3+ 55. Kc4 Qb3+ 56. Kc5 Rc2+ 57. Kd6 Qb6+ {White resigns} 0-1

[Event "Team 45 45 League T63"]
[Site "Internet Chess Club"]
[Date "2014.12.20"]
[Round "4"]
[White "chess09"]
[Black "santiagoelawad"]
[Result "1-0"]
[WhiteElo "1915"]
[BlackElo "1935"]
[Opening "QGD Slav: 4.Nc3"]
[ECO "D15"]
[Time "16:00:29"]
[TimeControl "2700+45"]

1. d4 d5 2. c4 c6 3. Nf3 Nf6 4. Nc3 a6 5. a4 e6 6. Bg5 Nbd7 7. e3 Bb4 8. Bd3 Qa5
9. Qc2 dxc4 10. Bxc4 Ne4 11. Qxe4 Bxc3+ 12. Ke2 Nb6 13. bxc3 Nxc4 14. Qd3 Nd6
15. Bf4 Nf5 16. e4 Ne7 17. Bd6 Qd8 18. Ba3 O-O 19. Ng5 Ng6 20. Qg3 Re8 21. Rhd1
f5 22. e5 Qd5 23. Kf1 b5 24. a5 Bb7 25. Bc5 Rad8 26. h4 h6 27. Nh3 Qc4+ 28. Kg1
Ne7 29. Nf4 Nd5 30. Nh5 Rd7 31. Nf6+ Nxf6 32. exf6 Rf7 33. Qg6 Rd8 34. fxg7 Rxg7
35. Qxh6 Qd5 36. g3 Re8 37. Re1 e5 38. Qh5 Qd7 39. dxe5 f4 40. Rad1 Qf7 41.
Qxf7+ Kxf7 42. Rd7+ {Black resigns} 1-0

[Event "Team 45 45 League T63"]
[Site "Internet Chess Club"]
[Date "2014.12.20"]
[Round "4"]
[White "frank001"]
[Black "chessjav"]
[Result "*"]
[WhiteElo "1858"]
[BlackElo "1881"]
[Opening "Grünfeld: modern exchange variation"]
[ECO "D85"]
[Time "21:04:02"]
[TimeControl "2700+45"]

1. d4 Nf6 2. c4 g6 3. Nc3 d5 4. cxd5 Nxd5 5. e4 Nxc3 6. bxc3 Bg7 7. Nf3 c5 8.
Be3 O-O 9. Be2 Nc6 10. O-O cxd4 11. cxd4 Bg4 12. Rc1 Bxf3 13. Bxf3 Nxd4 14. Qa4
b5 15. Qb4 a5 16. Qb1 Qd7 17. Rfd1 Rac8 18. Kh1 e5 19. Rd2 Rxc1+ 20. Qxc1 Rc8
21. Qd1 Rc4 22. h3 b4 23. Be2 Rc3 24. Kh2 Qc6 25. Bd3 Rc1 26. Qg4 a4 27. Rb2 h5
28. Qg5 Rd1 29. Bb1 Bf6 30. Qg3 Qc4 31. Bxd4 Qf1 32. Qf3 h4 33. Qxd1 Qxd1 34.
Be3 {Game adjourned when Black disconnected} *

[Event "Team 45 45 League T63"]
[Site "Internet Chess Club"]
[Date "2014.12.20"]
[Round "4"]
[White "Gater-Nation"]
[Black "Jack-ONeill"]
[Result "0-1"]
[WhiteElo "1994"]
[BlackElo "2073"]
[Opening "French: Steinitz variation"]
[ECO "C11"]
[Time "13:01:09"]
[TimeControl "2700+45"]

1. e4 e6 2. d4 d5 3. Nc3 Nf6 4. e5 Nfd7 5. Nce2 c5 6. c3 Nc6 7. f4 Qb6 8. Nf3 f6
9. a3 cxd4 10. Nexd4 fxe5 11. fxe5 Nc5 12. b4 Ne4 13. Qd3 a5 14. b5 Nxd4 15.
cxd4 Bd7 16. Ng5 Be7 17. Nxe4 dxe4 18. Qxe4 O-O 19. Bd3 g6 20. h4 Bxb5 21. Bxb5
Qxb5 22. h5 gxh5 23. Bh6 Rf7 24. Rb1 Bh4+ 25. Kd1 Qa4+ 26. Ke2 Qc4+ 27. Qd3 Qa2+
28. Kd1 Qxg2 {White resigns} 0-1

[Event "Team 45 45 League T63"]
[Site "Internet Chess Club"]
[Date "2014.12.21"]
[Round "4"]
[White "Ptzz"]
[Black "Monterrey"]
[Result "1-0"]
[WhiteElo "2093"]
[BlackElo "2055"]
[Opening "King's Indian: Petrosian system, Stein variation"]
[ECO "E92"]
[Time "12:00:10"]
[TimeControl "2700+45"]

1. d4 Nf6 2. Nf3 g6 3. c4 Bg7 4. Nc3 O-O 5. e4 d6 6. Be2 e5 7. d5 a5 8. Bg5 h6
9. Be3 Ng4 10. Bd2 f5 11. h3 Nxf2 12. Kxf2 fxe4 13. Nxe4 Qh4+ 14. Ke3 Qf4+ 15.
Kd3 Qf5 16. g4 Qd7 17. Qc1 c6 18. a4 Na6 19. Bxh6 Nc5+ 20. Nxc5 dxc5 21. Bxg7
e4+ 22. Kc2 Qxg7 23. Ng5 Rf2 24. Qe3 Qd4 25. Ra3 Bd7 26. Rc3 Raf8 27. Kb1 cxd5
28. cxd5 Bxa4 29. d6 Qe5 30. Bc4+ Kh8 31. Ne6 {Black resigns} 1-0

[Event "Team 45 45 League T63"]
[Site "Internet Chess Club"]
[Date "2014.12.20"]
[Round "4"]
[White "zap2"]
[Black "Tobiasdelmonte"]
[Result "0-1"]
[WhiteElo "1686"]
[BlackElo "1818"]
[Opening "Benko's opening"]
[ECO "A00"]
[Time "15:04:09"]
[TimeControl "2700+45"]

1. g3 e5 2. Bg2 Nf6 3. d3 d5 4. Nf3 Bd6 5. O-O Bg4 6. h3 Bh5 7. Nbd2 O-O 8. e4
c6 9. Qe1 Nbd7 10. Nh4 Rc8 11. Kh2 Re8 12. Nf5 Bb8 13. a4 d4 14. b3 Nf8 15. Ba3
g6 16. Nh6+ Kg7 17. g4 Kxh6 18. gxh5 Nxh5 19. Bf3 Nf4 20. Bg4 N8e6 21. f3 Kg7
22. Rg1 h5 23. Bxe6 Rxe6 24. Nf1 Rf6 25. Ng3 Qd7 26. Nf5+ Rxf5 27. exf5 Qxf5 28.
Qh4 Ne2 29. Qe4 Qxe4 30. fxe4 Nxg1 31. Rxg1 c5 32. Bc1 Rc6 33. Bg5 f6 34. Bd2 g5
35. Rf1 Kg6 36. Rf5 h4 37. Kg2 b5 38. axb5 Rb6 39. Ba5 Re6 40. Kf3 Bd6 41. Bd8
Bf8 42. Kg4 Rd6 43. Bc7 Rd7 44. Bxe5 Bg7 45. Bh2 Bf8 46. e5 Bg7 47. e6 Re7 48.
Bd6 Rxe6 49. Bxc5 Re2 50. Rd5 Re3 51. Bd6 Bf8 52. Bb8 Bb4 53. Rf5 Be1 54. Bc7
Bg3 55. Bd8 Be5 56. Rxg5+ fxg5 57. Bxg5 Rg3+ 58. Kxh4 Rxg5 59. c4 Bg3# {White
checkmated} 0-1

[Event "Team 45 45 League T63"]
[Site "Internet Chess Club"]
[Date "2014.12.20"]
[Round "4"]
[White "Holzschlange"]
[Black "kabindra"]
[Result "1/2-1/2"]
[WhiteElo "1816"]
[BlackElo "1756"]
[Opening "Réti opening"]
[ECO "A30"]
[Time "11:01:24"]
[TimeControl "2700+45"]

1. Nf3 c5 2. c4 g6 3. d4 Bg7 4. Nc3 cxd4 5. Nxd4 a6 6. e4 e5 7. Nc2 Ne7 8. Ne3
O-O 9. Ned5 Nxd5 10. Nxd5 Nc6 11. Be3 Nd4 12. Qd2 d6 13. Bg5 f6 14. Be3 Be6 15.
Bxd4 exd4 16. Be2 Bxd5 17. cxd5 f5 18. exf5 Rxf5 19. O-O b5 20. Rac1 Rc8 21.
Rxc8 Qxc8 22. Bg4 Qf8 23. Bxf5 Qxf5 24. Rc1 h5 25. h3 Qxd5 26. Rc8+ Kh7 27. Rc7
Kh8 28. Qd3 Qe6 29. Qf3 Qe1+ 30. Kh2 Qe5+ 31. Kg1 Qe1+ 32. Kh2 Qe5+ 33. Kg1 Qe1+
{Game drawn by repetition} 1/2-1/2

[Event "Team 45 45 League T63"]
[Site "Internet Chess Club"]
[Date "2014.12.22"]
[Round "4"]
[White "NFork"]
[Black "Regista"]
[Result "1/2-1/2"]
[WhiteElo "2200"]
[BlackElo "2266"]
[Opening "Réti opening"]
[ECO "A05"]
[Time "14:32:50"]
[TimeControl "2700+45"]

1. Nf3 Nf6 2. b3 g6 3. Bb2 Bg7 4. e3 b6 5. Be2 Bb7 6. O-O O-O 7. c4 e6 8. Nc3
Qe7 9. d4 d5 10. Ne5 Rd8 11. cxd5 exd5 12. Rc1 c6 13. Qc2 Nbd7 14. Nxd7 Rxd7 15.
a3 Rc7 16. b4 Ne8 17. Bf3 Rd8 18. Rfe1 Rcc8 19. b5 c5 20. dxc5 Rxc5 21. Qb3 Nd6
22. Rcd1 {Game drawn by mutual agreement} 1/2-1/2

[Event "Team 45 45 League T63"]
[Site "Internet Chess Club"]
[Date "2014.12.18"]
[Round "4"]
[White "Barrett-CCSCSL"]
[Black "MeWantCookie"]
[Result "1-0"]
[WhiteElo "2124"]
[BlackElo "2063"]
[Opening "English, 1...Nf6 (Anglo-Indian defense)"]
[ECO "A15"]
[Time "22:03:06"]
[TimeControl "2700+45"]

1. c4 Nf6 2. g3 e6 3. Bg2 d5 4. Nc3 c6 5. b3 Be7 6. e3 Nbd7 7. cxd5 exd5 8. Nge2
O-O 9. O-O Nc5 10. Qc2 Bg4 11. Bb2 Qd7 12. Nd4 Ne6 13. Nce2 c5 14. Nf3 Bh5 15.
Ne5 Qd6 16. Rfe1 Nd7 17. Nf4 Nxf4 18. exf4 f6 19. Nf3 Bf7 20. Rac1 b6 21. Ba3
Rfe8 22. Nd4 g6 23. f5 Nf8 24. Bh3 a6 25. Re2 g5 26. Rce1 Rac8 27. Ne6 Nxe6 28.
Rxe6 Bxe6 29. fxe6 Qc7 30. Bb2 d4 31. Qf5 b5 32. Bg2 Bd6 33. Qxf6 Qg7 34. Qf5
Re7 35. Qd5 Rd8 36. Rc1 Qe5 37. Qxe5 Bxe5 38. Rxc5 Bf6 39. Rc6 Kg7 40. Ba3 Ra7
41. Bc5 Rb7 42. Rxa6 Rc7 43. Bc6 Rdc8 44. e7 b4 45. Bd6 Bxe7 46. Bxc7 Rxc7 47.
d3 Bc5 48. Bd5 Ra7 49. Rc6 Bf8 50. Rc2 Kf6 51. Kg2 Ra5 52. Rc6+ Ke5 53. Be4 Bd6
54. Bxh7 Rxa2 55. Bg8 g4 56. Bc4 Ra5 57. h3 {Black resigns} 1-0

[Event "Team 45 45 League T63"]
[Site "Internet Chess Club"]
[Date "2014.12.18"]
[Round "4"]
[White "Magnus87"]
[Black "Pomberito"]
[Result "1-0"]
[WhiteElo "2172"]
[BlackElo "2121"]
[Opening "Pirc: classical (two knights) system"]
[ECO "A48"]
[Time "11:05:24"]
[TimeControl "2700+45"]

1. d4 Nf6 2. Nf3 g6 3. Nc3 Bg7 4. e4 d6 5. Be3 Ng4 6. Bg5 h6 7. Bh4 c5 8. Bb5+
Bd7 9. Bxd7+ Nxd7 10. O-O cxd4 11. Nxd4 Ngf6 12. Qe2 O-O 13. Kh1 Nh5 14. Nf5
gxf5 15. Qxh5 fxe4 16. Nxe4 f5 17. Nxd6 Nf6 18. Bxf6 Qxd6 19. Bxg7 Kxg7 20. Rad1
Qf6 21. Rd3 Rad8 22. Rg3+ Kh7 23. Re1 Rd6 24. Rge3 Rf7 25. Qxf7+ Qxf7 26. Rxe7
Kg6 27. Rxf7 Kxf7 28. Rc1 Kf6 29. g3 Kg5 30. Kg2 f4 31. Kf3 fxg3 32. hxg3 Rf6+
33. Kg2 Rd6 34. Re1 Rd2 35. Re7 Rxc2 36. Rxb7 h5 37. a4 a5 38. Rb5+ Kg6 39. Rxa5
Rxb2 40. Ra8 Ra2 41. a5 Kg7 42. a6 Kh7 43. a7 {Black resigns} 1-0

[Event "Team 45 45 League T63"]
[Site "Internet Chess Club"]
[Date "2014.12.19"]
[Round "4"]
[White "PoisonPawn"]
[Black "f5"]
[Result "0-1"]
[WhiteElo "2004"]
[BlackElo "2131"]
[Opening "Scandinavian (center counter) defense"]
[ECO "B01"]
[Time "20:01:06"]
[TimeControl "2700+45"]

1. e4 d5 2. exd5 Qxd5 3. Nf3 Bg4 4. Be2 Nd7 5. d4 c6 6. h3 Bh5 7. c4 Qd6 8. O-O
Ngf6 9. Nc3 e6 10. Re1 Be7 11. Be3 O-O 12. Qd2 Qc7 13. Rac1 Rfd8 14. Bf4 Bd6 15.
Bxd6 Qxd6 16. Qe3 Bxf3 17. Bxf3 Qb4 18. d5 exd5 19. cxd5 Re8 20. Qd3 Ne5 21. Qf5
Nxf3+ 22. Qxf3 Nxd5 23. Rxe8+ Rxe8 24. Nxd5 cxd5 25. Rc7 Qe1+ 26. Kh2 Qe5+ 27.
Qg3 Qxb2 28. Qe3 Rf8 29. Qc5 Qe5+ 30. g3 b6 31. Qc6 Qe2 32. Qxd5 Qxf2+ 33. Kh1
Re8 34. Re7 Rc8 35. Qc6 Rf8 36. Qc7 Qxa2 37. Rd7 h6 38. Qe5 a5 39. Qe7 b5 40.
Rd8 Rxd8 41. Qxd8+ Kh7 42. Qd3+ g6 43. Qxb5 a4 44. h4 Qb3 45. Qe5 h5 46. g4 Qd1+
47. Kh2 Qxg4 48. Qe7 Qe6 49. Qa3 Qb3 {White resigns} 0-1

[Event "Team 45 45 League T63"]
[Site "Internet Chess Club"]
[Date "2014.12.20"]
[Round "4"]
[White "infiniteshug"]
[Black "xwang1"]
[Result "1-0"]
[WhiteElo "2217"]
[BlackElo "2040"]
[Opening "Giuoco Piano"]
[ECO "C54"]
[Time "22:00:13"]
[TimeControl "2700+45"]

1. e4 e5 2. Nf3 Nc6 3. Bc4 Bc5 4. c3 Nf6 5. d3 h6 6. Nbd2 O-O 7. Bb3 d6 8. Qe2
Re8 9. h3 Be6 10. g4 Nh7 11. Nf1 d5 12. Ng3 dxe4 13. dxe4 Bxb3 14. axb3 Qd7 15.
g5 hxg5 16. Bxg5 Nxg5 17. Nxg5 Rad8 18. Nf5 Ne7 19. Nxe7+ Rxe7 20. Ra5 b6 21.
Rxa7 b5 22. Ra5 c6 23. b4 Bb6 24. Ra6 f6 25. Nf3 Qb7 26. Ra1 Red7 27. O-O Rd3
28. Rad1 Rxd1 29. Rxd1 Rxd1+ 30. Qxd1 Qf7 31. Nh4 Qc4 32. Qg4 Qd3 33. Nf5 g5 34.
Qh5 Qd8 35. Qg6+ Kf8 36. Kg2 Ba7 37. Qg7+ Ke8 38. Qxa7 {Black resigns} 1-0

[Event "Team 45 45 League T63"]
[Site "Internet Chess Club"]
[Date "2014.12.19"]
[Round "4"]
[White "charles-allen"]
[Black "SlimeDog2"]
[Result "0-1"]
[WhiteElo "1875"]
[BlackElo "2046"]
[Opening "Four knights: Scotch, 4...exd4"]
[ECO "C47"]
[Time "21:32:06"]
[TimeControl "2700+45"]

1. e4 e5 2. Nc3 Nf6 3. Nf3 Nc6 4. d4 exd4 5. Nxd4 Bb4 6. Nxc6 bxc6 7. Bd3 d5 8.
exd5 cxd5 9. O-O O-O 10. h3 c6 11. Qf3 Bd6 12. Bf4 Rb8 13. b3 Re8 14. Rfe1 Be6
15. Re2 Bxf4 16. Qxf4 Qa5 17. Na4 c5 18. Nb2 Qc3 19. Rb1 c4 20. Nd1 Qa5 21. b4
cxd3 22. Rxe6 dxc2 23. Rxe8+ Rxe8 24. Qf5 cxb1=Q 25. Qxb1 Re1+ 26. Kh2 Qa4
{White resigns} 0-1

[Event "Team 45 45 League T63"]
[Site "Internet Chess Club"]
[Date "2014.12.20"]
[Round "4"]
[White "Monterrey"]
[Black "Happybear"]
[Result "1-0"]
[WhiteElo "2071"]
[BlackElo "1854"]
[Opening "QGD semi-Slav"]
[ECO "D43"]
[Time "16:02:35"]
[TimeControl "2700+45"]

1. d4 d5 2. Nf3 Nf6 3. c4 e6 4. Nc3 c6 5. g3 Bd6 6. Bg2 O-O 7. O-O h6 8. b3 Nbd7
9. Bb2 b6 10. Nd2 dxc4 11. Bxc6 Rb8 12. Nxc4 Qc7 13. Bg2 a6 14. Nxd6 Qxd6 15. a4
Rd8 16. Ba3 Qc7 17. Rc1 Qa7 18. Be7 Re8 19. Bd6 {Black resigns} 1-0

[Event "Team 45 45 League T63"]
[Site "Internet Chess Club"]
[Date "2014.12.20"]
[Round "4"]
[White "DouDou"]
[Black "Bryant-L"]
[Result "0-1"]
[WhiteElo "1692"]
[BlackElo "1736"]
[Opening "French: Tarrasch, open variation, main line"]
[ECO "C09"]
[Time "18:01:42"]
[TimeControl "2700+45"]

1. e4 e6 2. d4 d5 3. Nd2 c5 4. Ngf3 Nc6 5. exd5 exd5 6. Bb5 Nf6 7. O-O Be7 8.
Re1 O-O 9. Bxc6 bxc6 10. Ne5 Qc7 11. Ndf3 Be6 12. c3 Rfe8 13. Ng5 Bd6 14. Nxe6
Rxe6 15. f4 Rae8 16. Bd2 Ne4 17. Rf1 cxd4 18. cxd4 Qb6 19. Bc3 Bxe5 20. fxe5
Rxe5 21. Qf3 R5e7 22. Rae1 f6 23. a3 Nxc3 24. Rxe7 Qxd4+ 25. Qf2 Qxf2+ 26. Rxf2
Rxe7 27. bxc3 Kf7 28. Kf1 Re4 29. Ra2 Rc4 30. Rc2 Ke6 31. Ke2 d4 32. Kd3 Rxc3+
33. Rxc3 dxc3 34. Kxc3 Kd5 {White resigns} 0-1